 Dungeon Crawl Stone Soup version 0.30.1-3-gfc49f6343a (webtiles) character file.

Game seed: 2238446899907094732

33470 Patrick2011 the Basher (level 13, 0/118 HPs)
             Began as a Minotaur Fighter on July 25, 2023.
             Was an Elder of Dithmenos.
             Slain by an eight-headed hydra (10 damage)
             ... on level 5 of the Lair of Beasts.
             The game lasted 01:47:13 (7369 turns).

Patrick2011 the Basher (Minotaur Fighter)           Turns: 7369, Time: 01:47:17

Health: 0/118      AC: 19    Str: 24    XL:     13   Next: 37%
Magic:  12/12      EV: 15    Int:  5    God:    Dithmenos [****..]
Gold:   969        SH:  0    Dex: 12    Spells: 12/12 levels left

rFire   . . .        F - +0 demon whip (venom)
rCold   . . .        s - +0 kite shield
rNeg    . . .        B - +1 troll leather armour
rPois   .            G - +0 hat
rElec   .            w - +1 cloak {Will+}
rCorr   .            C - +1 pair of gloves
SInv    .            (no boots)
Will    +....        n - amulet of regeneration
Stlth   +            y - +4 ring of protection
HPRegen 1.99/turn    p - +4 ring of protection
MPRegen 0.13/turn

%: no passive effects
@: confused, ambrosia-drunk, wreathed by umbra
A: horns 2, retaliatory headbutt
a: Renounce Religion, Shadow Step


You were on level 5 of the Lair of Beasts.
You worshipped Dithmenos.
Dithmenos was greatly pleased with you.
You visited 3 branches of the dungeon, and saw 16 of its levels.

You collected 969 gold pieces.

Inventory:

Hand Weapons
 v - a +6 quarterstaff of chaos
 F - a +0 demon whip of venom (weapon)
Missiles
 q - 14 poisoned darts (quivered)
Armour
 s - a +0 kite shield (worn)
 w - a +1 cloak of willpower (worn)
 B - a +1 troll leather armour (worn)
 C - a +1 pair of gloves (worn)
 G - a +0 hat (worn)
Jewellery
 n - an amulet of regeneration (around neck)
 p - a +4 ring of protection (right hand)
 t - a ring of protection from cold
 u - an amulet of the acrobat
 y - a +4 ring of protection (left hand)
Wands
 a - a wand of paralysis (8)
 b - a wand of polymorph (1)
 h - a wand of quicksilver (3)
 E - a wand of flame (10)
Scrolls
 g - 3 scrolls of immolation
 j - a scroll of blinking
 k - a scroll of fog
 l - a scroll of fear
 m - a scroll of vulnerability {unknown}
 r - 4 scrolls of teleportation
 A - 2 scrolls of poison
Potions
 c - a potion of mutation {unknown}
 d - a potion of might
 e - 2 potions of flight
 f - 2 potions of curing
 o - a potion of heal wounds
 z - 3 potions of lignification
 D - 3 potions of haste


   Skills:
 + Level 12.0 Fighting
 + Level 12.9(14.8) Maces & Flails
 + Level 12.2(14.5) Staves
 + Level 2.0 Throwing
 + Level 8.3 Armour
 + Level 10.1 Dodging
 + Level 4.6 Stealth
 + Level 9.6 Shields
 + Level 0.4 Invocations
 + Level 4.3 Evocations


You had 12 spell levels left.
You didn't know any spells.
Your spell library contained the following spells:

 Spells                   Type           Power      Damage    Failure   Level
 Static Discharge         Conj/Air       0%         2-2/arc   85%         2
 Airstrike                Air            0%         2d(0-16)  100%        4
 Summon Lightning Spire   Summ/Air       0%         N/A       100%        4
 Fireball                 Conj/Fire      0%         3d3       100%        5
 Iskenderun's Battlesphe  Conj           0%         2d6       100%        5
 Conjure Ball Lightning   Conj/Air       0%         3x3d6     100%        6
 Orb of Destruction       Conj           0%         9d5       100%        7


Dungeon Overview and Level Annotations

Branches:
Dungeon (10/15)            Temple (1/1) D:7            Lair (4/5) D:8
  Swamp (0/4) Lair:2        Snake (0/4) Lair:2
  Slime: Lair:4-5       Orc: D:9-12

Altars:
Ashenzari
Cheibriados
Dithmenos
Fedhas
Gozag
Hepliaklqana
Kikubaaqudgha
Makhleb
Nemelex Xobeh
Okawaru
Qazlal
Ru
Sif Muna
Trog
Uskayaw
Vehumet
Wu Jian
Xom
Yredelemnul
Zin
The Shining One

Shops:
D:9 =


Innate Abilities, Weirdness & Mutations

You have a pair of horns on your head.
You reflexively headbutt those who attack you in melee.


Message History

The six-headed hydra bites you but does no damage.
The six-headed hydra bites you.
The six-headed hydra bites you but does no damage.
The six-headed hydra closely misses you.
The six-headed hydra bites you.
A komodo dragon comes into view.
The eight-headed hydra bites you but does no damage.
The eight-headed hydra misses you.
The eight-headed hydra completely misses you.
The eight-headed hydra bites you but does no damage.
The eight-headed hydra bites you.
The eight-headed hydra bites you but does no damage.
The eight-headed hydra bites you. The eight-headed hydra misses you.
The six-headed hydra bites you!
The six-headed hydra bites you but does no damage.
The six-headed hydra barely misses you. The six-headed hydra bites you!
* * * LOW HITPOINT WARNING * * *
The six-headed hydra closely misses you.
The six-headed hydra bites you.
* * * LOW HITPOINT WARNING * * *
The komodo dragon moves out of view.
You thrash the fungus!!
The fungus begins to die.
You headbutt the fungus!
The fungus is lightly damaged.
The six-headed hydra closely misses you.
The six-headed hydra misses you. The six-headed hydra bites you.
* * * LOW HITPOINT WARNING * * *
The six-headed hydra completely misses you.
The six-headed hydra bites you but does no damage. x2
The eight-headed hydra bites you but does no damage. x2
The eight-headed hydra bites you.
* * * LOW HITPOINT WARNING * * *
The eight-headed hydra bites you.
* * * LOW HITPOINT WARNING * * *
The eight-headed hydra bites you!
* * * LOW HITPOINT WARNING * * *
The eight-headed hydra bites you.
* * * LOW HITPOINT WARNING * * *
The eight-headed hydra bites you but does no damage.
The eight-headed hydra bites you!
You die...

..........
.[....)....
............
...........
##$.........
#...........
#P.D........
#.@.........
#.D.........
##..........
#P..........
#...........
.............
...............
...............
..............[


You could see an eight-headed hydra and a six-headed hydra (poisoned).

Vanquished Creatures
  4 hydras
  Harold (D:10)
  3 death yaks (Lair:1)
  A skyshark (Lair:4)
  Amaemon (D:9)
  A wizard (Lair:5)
  Pikel (D:7)
  15 elephants
  6 black mambas
  7 cane toads
  3 rime drakes
  An orange demon (D:9)
  Psyche (D:9)
  4 komodo dragons
  A troll (D:6)
  4 blink frogs
  12 dream sheep (Lair:4)
  3 wyverns (D:9)
  A vampire (D:10)
  38 yaks
  Eustachio (D:4)
  2 steam dragons
  Grum (D:9)
  A basilisk (Lair:4)
  3 nagas (Lair:2)
  2 swamp worms (Lair:2)
  8 water moccasins
  A hell hound (Lair:5)
  2 black bears
  3 orc warriors
  A sky beast (D:7)
  An ice beast (D:6)
  A centaur (D:7)
  An ogre (D:3)
  4 wolves (D:9)
  A lemure (D:7)
  A kobold brigand (D:8)
  A phantom (D:5)
  A gnoll sergeant (D:9)
  5 bullfrogs
  2 scorpions
  5 wights (D:9)
  7 killer bees
  3 electric eels
  8 howler monkeys
  A quasit (D:7)
  7 orc priests
  3 jellies
  Crazy Yiuf (D:4)
  2 hounds
  3 gnoll boudas
  4 iguanas
  Ijyb (D:4)
  A sleepcap (D:8)
  11 orc wizards
  8 adders
  17 gnolls
  3 shadow imps
  4 white imps
  3 ufetubi
  2 worms (D:5)
  2 dart slugs
  34 orcs
  8 ball pythons
  8 bats
  5 endoplasms
  3 giant cockroaches
  4 goblins
  5 hobgoblins
  4 jackals (D:1)
  9 kobolds
  3 quokkas
  4 frilled lizards (D:1)
  3 rats
  A spectral kobold (D:4)
338 creatures vanquished.

Notes
Turn   | Place    | Note
-------+----------+-------------------------------------------
     0 | D:1      | Patrick2011 the Minotaur Fighter began the quest for the
                  | Orb.
     0 | D:1      | Reached XP level 1. HP: 19/19 MP: 0/0
   159 | D:1      | Reached XP level 2. HP: 27/27 MP: 1/1
   370 | D:1      | Reached XP level 3. HP: 31/34 MP: 2/2
   482 | D:2      | Found a sparkling altar of Nemelex Xobeh.
   670 | D:3      | Found an opulent altar of Gozag.
   861 | D:3      | Found a bloodstained altar of Trog.
   862 | D:3      | Found a snail-covered altar of Cheibriados.
   864 | D:3      | Found a transporter.
   873 | D:3      | Found a transporter.
   882 | D:3      | Noticed an ogre
   989 | D:4      | Reached XP level 4. HP: 41/41 MP: 3/3
  1049 | D:4      | Found a runed translucent door.
  1050 | D:4      | Noticed Crazy Yiuf
  1092 | D:4      | Noticed Eustachio
  1112 | D:4      | Killed Eustachio
  1113 | D:4      | Reached skill level 1 in Dodging
  1113 | D:4      | Reached XP level 5. HP: 37/47 MP: 4/4
  1281 | D:4      | Noticed Ijyb
  1292 | D:4      | Killed Ijyb
  1293 | D:4      | Reached skill level 5 in Armour
  1360 | D:4      | Found a hazy altar of Hepliaklqana.
  1372 | D:4      | Identified the +0 cloak "Basaz" {rElec rC+ Slay-4}
  1432 | D:4      | Reached XP level 6. HP: 49/55 MP: 5/5
  1523 | D:4      | Killed Crazy Yiuf
  1639 | D:5      | Entered Level 5 of the Dungeon
  1648 | D:5      | Reached skill level 5 in Maces & Flails
  1668 | D:5      | Reached skill level 5 in Fighting
  1725 | D:5      | Reached skill level 1 in Throwing
  1738 | D:5      | Reached XP level 7. HP: 47/61 MP: 6/6
  1867 | D:3      | Found a blossoming altar of Fedhas.
  2042 | D:5      | Found a burning altar of Makhleb.
  2147 | D:5      | Reached skill level 1 in Staves
  2285 | D:6      | Noticed a troll
  2293 | D:6      | Killed a troll
  2294 | D:6      | Reached XP level 8. HP: 53/70 MP: 7/7
  2374 | D:6      | Reached skill level 5 in Shields
  2728 | D:7      | Reached skill level 5 in Staves
  2731 | D:7      | Reached XP level 9. HP: 79/79 MP: 8/8
  2856 | D:7      | Found a glowing golden altar of the Shining One.
  2867 | D:7      | Found a radiant altar of Vehumet.
  2950 | D:7      | Found a staircase to the Ecumenical Temple.
  2959 | Temple   | Entered the Ecumenical Temple
  2988 | Temple   | Became a worshipper of Dithmenos the Shadowed
  3388 | D:7      | Noticed Pikel
  3411 | D:7      | Killed Pikel
  3437 | D:7      | You fall into a shaft and drop 3 floors!
  3437 | D:10     | Entered Level 10 of the Dungeon
  3456 | D:10     | Reached * piety under Dithmenos
  3457 | D:10     | Reached skill level 1 in Stealth
  3592 | D:9      | Reached skill level 5 in Dodging
  3597 | D:9      | Found Nasadun's Jewellery Emporium.
  3619 | D:8      | Found a staircase to the Lair.
  3701 | D:7      | Reached XP level 10. HP: 90/90 MP: 9/9
  3907 | D:8      | Found a glowing silver altar of Zin.
  4026 | D:8      | Found a sparkling altar of Nemelex Xobeh.
  4065 | D:8      | Found a sacrificial altar of Ru.
  4077 | D:8      | Identified the +4 sling of an ossuary {drain, Str+2}
  4173 | D:8      | Reached skill level 10 in Staves
  4219 | D:9      | Reached ** piety under Dithmenos
  4258 | D:9      | Noticed Grum
  4271 | D:9      | Killed Grum
  4374 | D:9      | Noticed Psyche
  4380 | D:9      | Killed Psyche
  4540 | D:9      | Noticed Amaemon
  4540 | D:9      | Noticed an orange demon
  4559 | D:9      | Killed Amaemon
  4560 | D:9      | Reached skill level 1 in Evocations
  4560 | D:9      | Killed an orange demon
  4767 | D:9      | Reached XP level 11. HP: 97/97 MP: 10/10
  4925 | D:10     | Noticed Harold
  4934 | D:10     | Killed Harold
  5004 | D:10     | Reached *** piety under Dithmenos
  5074 | D:10     | Identified the amulet of the Usurping Queen {Spirit Dex+5
                  | Stlth-}
  5190 | Lair:1   | Entered Level 1 of the Lair of Beasts
  5212 | Lair:1   | Noticed a death yak
  5233 | Lair:1   | Killed a death yak
  5234 | Lair:1   | Reached skill level 10 in Fighting
  5237 | Lair:1   | Noticed a death yak
  5237 | Lair:1   | Noticed a death yak
  5570 | Lair:1   | Killed a death yak
  5582 | Lair:1   | Killed a death yak
  5839 | Lair:2   | Reached skill level 10 in Maces & Flails
  5862 | Lair:2   | Reached XP level 12. HP: 73/108 MP: 11/11
  5922 | Lair:2   | Reached **** piety under Dithmenos
  6120 | Lair:2   | Found a staircase to the Snake Pit.
  6243 | Lair:2   | Identified the amulet "Kukergh" {Spirit Fragile Str+10
                  | Dex+4 Slay-6}
  6252 | Lair:2   | Noticed a five-headed hydra
  6263 | Lair:2   | Killed a five-headed hydra
  6306 | Lair:2   | Noticed an eight-headed hydra
  6317 | Lair:2   | Killed an eight-headed hydra
  6377 | Lair:2   | Noticed an eight-headed hydra
  6385 | Lair:2   | Killed an eight-headed hydra
  6414 | Lair:2   | Found a staircase to the Swamp.
  6988 | Lair:4   | Reached XP level 13. HP: 30/117 MP: 12/12
  7007 | Lair:4   | Reached ***** piety under Dithmenos
  7254 | Lair:4   | Reached skill level 10 in Dodging
  7255 | Lair:4   | You fall into a shaft and drop 1 floor!
  7255 | Lair:5   | Entered Level 5 of the Lair of Beasts
  7341 | Lair:5   | Found a burning altar of Makhleb.
  7369 | Lair:5   | Slain by an eight-headed hydra

Illustrated notes

Levels and vault maps discovered:
D:1:      scummos_arrival_forest, layout_basic, serial_bayou_pond_d,
          minmay_shallow_snake_nest
D:2:      layout_loops_corners, basic_altar
D:3:      layout_basic, grunt_gozag_breadcrumbs, lemuel_round_altar,
          gammafunk_temple_overflow_arena
D:4:      layout_rooms, nicolae_hepliaklqana_monster_ancestors,
          uniq_crazy_yiuf_cottage, uniq_eustachio, uniq_ijyb
D:5:      layout_cave_pools, old_standard_altar, chequers_garden,
          kennysheep_generic_room_16
D:6:      layout_rooms
D:7:      layout_basic, nicolae_overflow_squiral,
          minmay_temple_entry_proselytizer, serial_demonic, serial_demonic_f,
          serial_demonic_c, serial_demonic_g, serial_demonic_d,
          amcnicky_mini_corridor_feature, uniq_pikel
D:8:      layout_rooms, amcnicky_altar_gilded, nicolae_overflow_crystal_walls,
          kennysheep_mini_moat, dpeg_oklobed_lair, kennysheep_generic_room_5
D:9:      layout_gridville, serial_shops, shop, reono_crystal_passage,
          uniq_erica, uniq_psyche, uniq_grum, uniq_amaemon
D:10:     nicolae_cairo_tiling, layout_rooms, elyvilon_altar_1,
          serial_bayou_pond_d, kennysheep_small_square, uniq_harold
Temple:   hellmonk_temple_rainy
Lair:1:   layout_long_grid, hangedman_tree_tricks
Lair:2:   layout_chaotic_city, palyth_hydra_swamp_entry,
          minmay_snake_entry_guardpost_small, grunt_megastairs_3,
          infiniplex_staircase_pool, lemuel_fruit_fields
Lair:3:   layout_roguey, grunt_megastairs_4, serial_bayou_shore_a,
          serial_bayou_shore_b
Lair:4:   layout_concentric_octagons, dreamdust_mushroom_princess,
          cheibrodos_lair_lostbears, infiniplex_staircase_pool_2
Lair:5:   evil_forest, layout_regular_city, minmay_slime_entry_pillars,
          st_stairs_3

Skill      XL: |  1  2  3  4  5  6  7  8  9 10 11 12 13 |
---------------+----------------------------------------+-----
Fighting       | 4 5 6 7 8 9 10 11 12 | 12.0
Armour         | 4 5 6 7 8 |  8.3
Shields        | 4 5 7 8 9 |  9.6
Maces & Flails | 3 4 5 7 10 12 | 12.9
Dodging        | 1 3 5 6 8 9 10 | 10.1
Throwing       | 1 2 |  2.0
Staves         | 2 5 9 11 12 | 12.2
Stealth        | 1 2 4 |  4.6
Evocations     | 1 2 4 |  4.3
Invocations    | |  0.4

Action                     |  1- 3 |  4- 6 |  7- 9 | 10-12 | 13-15 || total
---------------------------+-------+-------+-------+-------+-------++-------
  Melee: Flail             |    82 |    88 |    18 |       |       ||   188
         Headbutt          |     6 |    11 |    36 |   130 |    42 ||   225
         Quarterstaff      |       |       |   205 |    95 |       ||   300
         Demon whip        |       |       |       |   458 |   119 ||   577
  Throw: Dart              |       |     7 |     2 |     1 |     1 ||    11
 Invoke: Shadow Step       |       |       |       |       |     2 ||     2
  Evoke: Wand              |       |       |     1 |    45 |     4 ||    50
    Use: Scroll            |     4 |     2 |     9 |     9 |     2 ||    26
         Potion            |       |     1 |     3 |       |     4 ||     8
   Stab: Sleeping          |       |       |       |     8 |     3 ||    11
         Distracted        |       |       |       |       |     1 ||     1
 Armour: Scale mail        |    53 |    36 |       |       |       ||    89
         Chain mail        |       |    17 |    33 |       |       ||    50
         Troll leather arm |       |       |    93 |   168 |    57 ||   318
  Dodge: Dodged            |    47 |    31 |   177 |   273 |    69 ||   597
  Block: Buckler           |    19 |    19 |     5 |       |       ||    43
         Kite shield       |       |       |       |   157 |    48 ||   205
